 Dungeon Crawl Stone Soup version 0.30.1-11-g7821555f0a (webtiles) character file.

Game seed: 4199570885455280739

74 jagang the Slasher (level 4, -1/38 HPs)
             Began as a Barachi Monk on Nov 10, 2023.
             Slain by an iguana (2 damage)
             ... on level 4 of the Dungeon.
             The game lasted 00:03:31 (1153 turns).

jagang the Slasher (Barachi Monk)                   Turns: 1153, Time: 00:03:31

Health: -1/38      AC:  2    Str: 12    XL:     4   Next: 28%
Magic:  4/4        EV: 11    Int: 11    God:
Gold:   47         SH:  0    Dex: 16    Spells: 3/3 levels left

rFire   . . .        a - +0 falchion
rCold   . . .        d - orb {light}
rNeg    . . .        i - +0 ring mail
rPois   .            g - +0 helmet
rElec   .            (no cloak)
rCorr   .            (no gloves)
SInv    .            (no boots)
Will    .....        (no amulet)
Stlth   +            (no ring)
HPRegen 0.26/turn    (no ring)
MPRegen 0.09/turn

%: no passive effects
@: corroded, glowing, slow
A: amphibious, slowness 1, strong legs 1, +LOS
a: Hop


You were on level 4 of the Dungeon.
You visited 1 branch of the dungeon, and saw 3 of its levels.

You collected 47 gold pieces.

Inventory:

Hand Weapons
 a - a +0 falchion (weapon)
Armour
 d - an orb of light (worn)
 g - a +0 helmet (worn)
 i - a +0 ring mail (worn)
 o - a +0 kite shield
Scrolls
 f - a scroll of immolation {unknown}
 j - a scroll of fear {unknown}
 k - a scroll of teleportation {unknown}
 m - a scroll of identify {unknown}
Potions
 b - a potion of mutation {unknown}
 e - a potion of flight {unknown}
 h - a potion of curing {unknown}
 l - a potion of haste {unknown}


   Skills:
 + Level 4.3 Fighting
 * Level 5.0 Long Blades
 + Level 2.0 Armour
 - Level 3.2 Dodging


You had 3 spell levels left.
You didn't know any spells.
Your spell library was empty.

Dungeon Overview and Level Annotations

Branches:
Dungeon (4/15)
 Temple: D:4-7

Altars:


Innate Abilities, Weirdness & Mutations

You are amphibious.
You cover ground slowly.
You can hop short distances.
You have an extended range of vision and can be seen from far away.


Message History

The iguana completely misses you. The scorpion barely misses you.
You completely miss the scorpion.
The scorpion is lightly wounded.
The iguana closely misses you.
The scorpion stings you but does no damage.
You barely miss the scorpion.
The scorpion is lightly wounded.
The scorpion stings you. The iguana barely misses you.
The scorpion closely misses you. The jelly hits you but does no damage.
The iguana bites you but does no damage.
You hit the scorpion.
The scorpion is moderately wounded.
The scorpion barely misses you. The jelly barely misses you.
The iguana bites you but does no damage.
You hit the scorpion but do no damage.
The scorpion is moderately wounded.
The scorpion stings you but does no damage.
The jelly hits you.
You are splashed with acid.
The iguana barely misses you.
You hit the scorpion.
The scorpion is heavily wounded.
The scorpion stings you. The jelly closely misses you. The iguana misses you.
You barely miss the scorpion.
The scorpion is heavily wounded.
The scorpion barely misses you. The jelly barely misses you.
The iguana bites you but does no damage.
The scorpion misses you.
You hit the scorpion.
The scorpion is severely wounded.
The scorpion stings you.
* * * LOW HITPOINT WARNING * * *
The jelly closely misses you. The iguana barely misses you.
You hit the scorpion but do no damage.
The scorpion is severely wounded.
You are ready to hop once more.
The scorpion misses you. The jelly hits you.
* * * LOW HITPOINT WARNING * * *
The acid corrodes you!
You are splashed with acid!
* * * LOW HITPOINT WARNING * * *
The iguana bites you.
You die...

...)...................
#..............$.......
#......................
#............######....
#............# ..
#............#
#............#
#.........lJ.#
+........s@..#
#........##+##
###+#####. . . #


You could see a scorpion, an iguana and a jelly.

Vanquished Creatures
  3 adders
  A worm (D:2)
  A dart slug (D:1)
  8 endoplasms
  4 giant cockroaches
  2 goblins (D:2)
  2 hobgoblins (D:1)
  A quokka (D:1)
  2 ball pythons (D:1)
  8 bats
  A frilled lizard (D:2)
  4 kobolds
  5 rats
42 creatures vanquished.

Notes
Turn   | Place    | Note
-------+----------+-------------------------------------------
     0 | D:1      | jagang the Barachi Monk began the quest for the Orb.
     0 | D:1      | Reached XP level 1. HP: 18/18 MP: 1/1
     9 | D:1      | Found a faded altar of an unknown god.
    97 | D:1      | Reached skill level 4 in Long Blades
    97 | D:1      | Reached XP level 2. HP: 25/25 MP: 2/2
   205 | D:1      | Reached skill level 1 in Armour
   421 | D:1      | Reached XP level 3. HP: 30/30 MP: 3/3
   693 | D:2      | Reached XP level 4. HP: 36/37 MP: 4/4
   943 | D:2      | Reached skill level 5 in Long Blades
  1127 | D:2      | You fall into a shaft and drop 2 floors!
  1137 | D:4      | Noticed a scorpion
  1153 | D:4      | HP: 1/38 [acid (8)]
  1153 | D:4      | Slain by an iguana

Illustrated notes

Levels and vault maps discovered:
D:1:      wander_arrival_lonely_grave, layout_rooms,
          chequers_ecumenical_altar_simple, minmay_cupped
D:2:      layout_loops_cross
D:4:      layout_basic, kennysheep_diamond, uniq_grinder

Skill      XL: |  1  2  3  4 |
---------------+-------------+-----
Long Blades    | 4 5 |  5.0
Armour         | 1 2 |  2.0
Fighting       | 4 |  4.3
Dodging        | |  3.2

Action                     |  1- 3 |  4- 6 || total
---------------------------+-------+-------++-------
  Melee: Falchion          |    95 |    44 ||   139
Ability: Hop               |       |     1 ||     1
    Use: Potion            |       |     1 ||     1
 Armour: Robe              |     7 |       ||     7
         Leather armour    |    21 |     3 ||    24
         Ring mail         |       |    23 ||    23
  Dodge: Dodged            |    66 |    35 ||   101
